Oilers vs Jets
Created - 28 octobre 2013 at 19:02
Goals
|
| Oilers |
1 |
0 |
0 |
1 |
| Jets |
0 |
1 |
1 |
2 |
|
Shots
|
| Oilers |
14 |
10 |
6 |
30 |
| Jets |
15 |
8 |
10 |
33 |
|
1st period
1. Oilers , Brad Boyes 1 (Ilya Kovalchuk, Duncan Keith) at 16:55
Penalties :
No Penalty
2nd period
2. Jets , Kyle Wellwood 1 (Michal Rozsival) at 2:11 (PP)
Penalties :
Joe Callahan (Edm) for Hooking (Minor) at 1:35, Kyle Wellwood (Win) for Holding (Minor) at 3:16, Benoit Pouliot (Win) for Holding (Minor) at 11:07, Kyle Wellwood (Win) for Interference (Minor) at 17:52, Joe Pavelski (Edm) for Tripping (Minor) at 17:52
3rd period
3. Jets , Jussi Jokinen 1 (Michal Rozsival, Eric Brewer) at 11:12
Penalties :
Pascal Dupuis (Edm) for Interference (Minor) at 6:19, Fredrik Sjostrom (Win) for Cross-checking (Minor) at 11:01, Jonathan Toews (Edm) for Slashing (Minor) at 11:01, Joe Callahan (Edm) for Hooking (Minor) at 14:21, Joe Pavelski (Edm) for High sticking (Minor) at 18:01
Goalie Stats
Cam Ward (Edm), 31 saves from 33 shots - (0,939), L, 2-2-0, 60:00 minutes
Maxime Daigneault (Win), 29 saves from 30 shots - (0,967), W, 3-1-0, 60:00 minutes
Players Stats for Oilers
Player Name G A P +/- PIM S H SB GA TA FO MP PP MP PK MP
------------------------------------------------------------------------------------
Alexei Yashin 0 0 0 0 0 0 1 0 0 0 3/9 12:49 0:00 3:09
Brad Boyes 1 0 1 1 0 2 4 1 0 1 0/0 16:27 2:26 0:00
Duncan Keith 0 1 1 1 0 2 0 1 0 1 0/0 23:45 2:52 3:13
Eric Nystrom 0 0 0 0 0 1 2 0 1 0 0/0 8:36 0:00 1:01
Erik Rasmussen 0 0 0 0 0 3 1 1 0 0 2/4 10:35 0:00 3:00
Ian White 0 0 0 -1 0 5 1 0 0 0 0/0 24:13 2:52 1:19
Ilya Kovalchuk 0 1 1 0 0 7 3 0 2 0 0/1 18:41 2:26 0:37
Joe Callahan 0 0 0 1 4 0 4 1 0 0 0/0 19:24 1:06 1:48
Joe Pavelski 0 0 0 0 4 1 2 1 0 2 0/0 16:36 1:32 0:00
Jonathan Toews 0 0 0 1 2 3 2 0 1 0 11/26 18:45 2:26 0:12
Karel Pilar 0 0 0 0 0 0 0 0 1 0 0/0 14:14 1:06 0:12
Markus Naslund 0 0 0 0 0 1 1 0 1 1 0/1 16:08 1:32 0:00
Pascal Dupuis 0 0 0 0 2 0 1 0 0 0 0/0 9:44 0:00 2:10
Patrick Kaleta 0 0 0 0 0 2 1 0 1 0 0/0 9:11 0:00 0:00
Pavel Datsyuk 0 0 0 -1 0 1 3 1 0 0 14/22 19:46 1:32 0:00
Rob Scuderi 0 0 0 0 0 0 0 1 0 0 0/0 16:15 0:00 3:19
Steve Begin 0 0 0 0 0 0 1 0 1 0 0/0 12:07 0:00 2:55
Steve Montador 0 0 0 -1 0 2 0 2 0 0 0/0 22:08 0:00 3:13
Players Stats for Jets
Player Name G A P +/- PIM S H SB GA TA FO MP PP MP PK MP
------------------------------------------------------------------------------------
Adam Burish 0 0 0 0 0 3 0 0 0 0 2/2 11:38 0:00 1:36
Benoit Pouliot 0 0 0 -1 2 0 0 0 1 0 1/2 18:30 3:24 0:46
Colin White 0 0 0 0 0 0 0 2 0 0 0/0 16:40 0:00 1:50
Daniel Alfredsson 0 0 0 -1 0 1 2 1 0 0 0/0 18:54 3:08 2:04
Darroll Powe 0 0 0 0 0 0 0 1 0 0 4/5 10:24 0:00 1:47
Dmitri Kalinin 0 0 0 -1 0 3 2 2 0 1 0/0 24:41 3:47 2:08
Eric Brewer 0 1 1 1 0 0 0 0 0 1 0/0 21:23 2:45 2:08
Fredrik Sjostrom 0 0 0 0 2 0 2 0 0 0 0/0 9:53 0:00 0:38
Jason Allison 0 0 0 1 0 2 0 0 1 1 10/19 20:39 3:24 0:06
Jussi Jokinen 1 0 1 1 0 4 2 0 1 1 0/1 20:01 3:08 0:00
Kyle Wellwood 1 0 1 -1 4 6 1 1 0 2 14/24 17:55 3:08 0:59
Michael Ryder 0 0 0 0 0 2 0 0 0 0 1/1 7:45 0:00 0:00
Michal Rozsival 0 2 2 0 0 2 4 3 0 0 0/0 29:37 3:47 1:50
Miroslav Satan 0 0 0 0 0 2 2 0 2 1 0/2 16:17 3:24 0:00
Nick Boynton 0 0 0 0 0 1 1 0 0 1 0/0 14:15 2:45 0:00
Nigel Dawes 0 0 0 0 0 2 1 0 0 0 0/0 10:02 0:00 0:00
Roman Hamrlik 0 0 0 0 0 2 2 3 0 0 0/0 13:24 0:00 0:00
Tuomo Ruutu 0 0 0 0 0 3 2 0 0 0 1/7 10:02 0:00 0:00
3 Stars
1 - Maxime Daigneault (Win)
2 - Brad Boyes (Edm)
3 - Michal Rozsival (Win)
Power Play
Oilers - 0 on 2 Attempt(s) - 0,00%
Jets - 1 on 4 Attempt(s) - 25,00%
Penalty Kill
Oilers - 3 on 4 Attempt(s) - 75,00%
- Score 0 goal in Penalty Kill
Jets - 2 on 2 Attempt(s) - 100,00%
- Score 0 goal in Penalty Kill
Official
Referees : VanMassenhoven Don and Watson Brad
Linesman : Tony Sericolo and Mark Shewchyk
Game Notes
No Game Note
Finance
Level 1 -- Attendance: 5440 (90,67%) -- Ticket Income 418 880 $
Level 2 -- Attendance: 4119 (82,38%) -- Ticket Income 226 545 $
Level 3 -- Attendance: 1334 (66,70%) -- Ticket Income 46 690 $
Level 4 -- Attendance: 3175 (79,38%) -- Ticket Income 69 850 $
Luxury Box -- Attendance: 757 (75,70%) -- Ticket Income 136 260 $
Game was played at the MTS Center
Total Attendance: 14825 (82,36%)
Total Ticket Income: 898 225 $
Other Income: 134 734 $
Total Income: 1 032 959 $
Oilers
5 vs 5 Forward
Center Left Wing Right Wing Time % Phy DF OF
1 Pavel Datsyuk Markus Naslund Joe Pavelski 35 1 1 3
2 Jonathan Toews Ilya Kovalchuk Brad Boyes 35 1 1 3
3 Alexei Yashin Steve Begin Patrick Kaleta 17 1 2 2
4 Erik Rasmussen Eric Nystrom Pascal Dupuis 13 1 3 1
5 vs 5 Defense
Defense Defense Time % Phy DF OF
1 Ian White Steve Montador 35 1 2 2
2 Duncan Keith Joe Callahan 35 1 2 2
3 Karel Pilar Rob Scuderi 25 1 2 2
4 Ian White Duncan Keith 5 0 2 3
PowerPlay Forward
Center Left Wing Right Wing Time % Phy DF OF
1 Pavel Datsyuk Markus Naslund Joe Pavelski 50 1 1 3
2 Jonathan Toews Ilya Kovalchuk Brad Boyes 50 1 1 3
PowerPlay Defense
Defense Defense Time % Phy DF OF
1 Ian White Duncan Keith 50 0 2 3
2 Karel Pilar Joe Callahan 50 0 2 3
Penalty Kill 4 Players Forward
Center Wing Time % Phy DF OF
1 Erik Rasmussen Pascal Dupuis 50 1 3 1
2 Alexei Yashin Steve Begin 50 1 3 1
Penalty Kill 4 Players Defense
Defense Defense Time % Phy DF OF
1 Joe Callahan Rob Scuderi 50 1 3 1
2 Duncan Keith Steve Montador 50 1 3 1
Penalty Kill - 3 Players Forward
Forward Time % Phy DF OF
1 Pavel Datsyuk 50 1 3 1
2 Ilya Kovalchuk 50 1 3 1
Penalty Kill - 3 Players Defense
Defense Defense Time % Phy DF OF
1 Duncan Keith Steve Montador 50 1 4 0
2 Joe Callahan Rob Scuderi 50 1 4 0
4 vs 4 Forward
Center Wing Time % Phy DF OF
1 Pavel Datsyuk Joe Pavelski 50 1 1 3
2 Jonathan Toews Ilya Kovalchuk 50 1 1 3
4 vs 4 Defense
Defense Defense Time % Phy DF OF
1 Ian White Steve Montador 50 0 2 3
2 Duncan Keith Joe Callahan 50 0 2 3
Last Minutes Offensive
Center Left Wing Right Wing Defense Defense
Pavel Datsyuk Ilya Kovalchuk Joe Pavelski Duncan Keith Ian White
Last Minutes Defensive
Center Left Wing Right Wing Defense Defense
Pavel Datsyuk Ilya Kovalchuk Joe Pavelski Duncan Keith Rob Scuderi
Goaltenders
Starting : Cam Ward
Backup : Scott Clemmensen
Extra Forwards
Normal : Jonathan Toews, Pavel Datsyuk, Ilya Kovalchuk - PP : Patrick Kaleta, Steve Begin - PK : Eric Nystrom
Extra Defensemen
Normal : Duncan Keith, Steve Montador, Ian White - PP : Steve Montador - PK : Ian White, Karel Pilar
Penalty Shots
Ilya Kovalchuk, Pavel Datsyuk, Brad Boyes, Markus Naslund, Joe Pavelski
Jets
5 vs 5 Forward
Center Left Wing Right Wing Time % Phy DF OF
1 Jason Allison Jussi Jokinen Miroslav Satan 32 1 1 3
2 Kyle Wellwood Benoit Pouliot Daniel Alfredsson 32 1 1 3
3 Tuomo Ruutu Nigel Dawes Adam Burish 20 1 2 2
4 Darroll Powe Fredrik Sjostrom Michael Ryder 16 1 2 2
5 vs 5 Defense
Defense Defense Time % Phy DF OF
1 Michal Rozsival Dmitri Kalinin 40 2 2 1
2 Roman Hamrlik Eric Brewer 30 2 2 1
3 Nick Boynton Colin White 20 1 3 1
4 Colin White Michal Rozsival 10 1 3 1
PowerPlay Forward
Center Left Wing Right Wing Time % Phy DF OF
1 Jason Allison Benoit Pouliot Miroslav Satan 60 0 0 5
2 Kyle Wellwood Jussi Jokinen Daniel Alfredsson 40 0 0 5
PowerPlay Defense
Defense Defense Time % Phy DF OF
1 Dmitri Kalinin Michal Rozsival 60 0 1 4
2 Eric Brewer Nick Boynton 40 0 1 4
Penalty Kill 4 Players Forward
Center Wing Time % Phy DF OF
1 Kyle Wellwood Daniel Alfredsson 60 0 4 1
2 Darroll Powe Adam Burish 40 0 4 1
Penalty Kill 4 Players Defense
Defense Defense Time % Phy DF OF
1 Dmitri Kalinin Eric Brewer 60 1 4 0
2 Colin White Michal Rozsival 40 1 4 0
Penalty Kill - 3 Players Forward
Forward Time % Phy DF OF
1 Kyle Wellwood 60 0 4 1
2 Darroll Powe 40 0 4 1
Penalty Kill - 3 Players Defense
Defense Defense Time % Phy DF OF
1 Dmitri Kalinin Michal Rozsival 60 1 2 2
2 Colin White Eric Brewer 40 1 2 2
4 vs 4 Forward
Center Wing Time % Phy DF OF
1 Jason Allison Jussi Jokinen 60 1 2 2
2 Benoit Pouliot Daniel Alfredsson 40 0 2 3
4 vs 4 Defense
Defense Defense Time % Phy DF OF
1 Michal Rozsival Eric Brewer 60 1 2 2
2 Dmitri Kalinin Roman Hamrlik 40 1 2 2
Last Minutes Offensive
Center Left Wing Right Wing Defense Defense
Jason Allison Benoit Pouliot Jussi Jokinen Michal Rozsival Dmitri Kalinin
Last Minutes Defensive
Center Left Wing Right Wing Defense Defense
Kyle Wellwood Daniel Alfredsson Adam Burish Michal Rozsival Dmitri Kalinin
Goaltenders
Starting : Maxime Daigneault
Backup : Ilya Bryzgalov
Extra Forwards
Normal : Daniel Alfredsson, Benoit Pouliot, Jussi Jokinen - PP : Daniel Alfredsson, Benoit Pouliot - PK : Adam Burish
Extra Defensemen
Normal : Michal Rozsival, Dmitri Kalinin, Eric Brewer - PP : Michal Rozsival - PK : Dmitri Kalinin, Roman Hamrlik
Penalty Shots
Benoit Pouliot, Tuomo Ruutu, Daniel Alfredsson, Miroslav Satan, Jason Allison
% Time on Ice - Oilers
Lines # - Real PCT - Wanted PCT - Time Play
Normal Forward
1 - 32% - 35% - 14:44
2 - 31% - 35% - 14:02
3 - 20% - 17% - 9:11
4 - 17% - 13% - 7:35
Normal Defense
1 - 38% - 35% - 17:11
2 - 33% - 35% - 14:56
3 - 28% - 25% - 12:56
4 - 1% - 5% - 0:29
PP Forward
1 - 39% - 50% - 1:32
2 - 61% - 50% - 2:26
PP Defense
1 - 72% - 50% - 2:52
2 - 28% - 50% - 1:06
PK Forward
1 - 53% - 50% - 3:26
2 - 47% - 50% - 3:06
PK Defense
1 - 51% - 50% - 3:19
2 - 49% - 50% - 3:13
PK3 Forward
1 - 0% - 50%
2 - 0% - 50%
PK3 Defense
1 - 0% - 50%
2 - 0% - 50%
44 Forward
1 - 59% - 50% - 2:21
2 - 41% - 50% - 1:37
44 Defense
1 - 60% - 50% - 2:22
2 - 40% - 50% - 1:36
Last Minute Offensive - 0:00
Last Minute Defensive - 0:00
Total
Forward - 60:00
Defense - 60:00
|
% Time on Ice - Jets
Lines # - Real PCT - Wanted PCT - Time Play
Normal Forward
1 - 32% - 32% - 14:32
2 - 29% - 32% - 13:13
3 - 22% - 20% - 10:02
4 - 17% - 16% - 7:45
Normal Defense
1 - 40% - 40% - 18:18
2 - 31% - 30% - 14:12
3 - 20% - 20% - 9:17
4 - 8% - 10% - 3:45
PP Forward
1 - 52% - 60% - 3:24
2 - 48% - 40% - 3:08
PP Defense
1 - 58% - 60% - 3:47
2 - 42% - 40% - 2:45
PK Forward
1 - 87% - 60% - 3:28
2 - 13% - 40% - 0:30
PK Defense
1 - 54% - 60% - 2:08
2 - 46% - 40% - 1:50
PK3 Forward
1 - 0% - 60%
2 - 0% - 40%
PK3 Defense
1 - 0% - 60%
2 - 0% - 40%
44 Forward
1 - 88% - 60% - 3:29
2 - 12% - 40% - 0:29
44 Defense
1 - 82% - 60% - 3:16
2 - 18% - 40% - 0:42
Last Minute Offensive - 0:00
Last Minute Defensive - 0:00
Total
Forward - 60:00
Defense - 60:00
|
Play by Play
1st period
0:01 of 1st period - Pavel Datsyuk wins face-off versus Jason Allison in neutral zone.
0:28 of 1st period - Steve Montador is hit by Michal Rozsival and loses puck.
1:00 of 1st period - Off-side.
1:01 of 1st period - Tuomo Ruutu wins face-off versus Erik Rasmussen in neutral zone.
1:06 of 1st period - Snap shot by Nigel Dawes.
1:06 of 1st period - Shot Blocked by Erik Rasmussen.
1:08 of 1st period - Snap shot by Nigel Dawes.
1:08 of 1st period - Stopped by Cam Ward with a rebound.
1:14 of 1st period - Wrist shot by Tuomo Ruutu.
1:14 of 1st period - Stopped by Cam Ward without a rebound.
1:15 of 1st period - Jason Allison wins face-off versus Pavel Datsyuk in Oilers zone.
1:41 of 1st period - Pavel Datsyuk is hit by Tuomo Ruutu.
1:47 of 1st period - Pavel Datsyuk is hit by Roman Hamrlik and loses puck.
1:54 of 1st period - Snap shot by Tuomo Ruutu.
1:54 of 1st period - Stopped by Cam Ward without a rebound.
1:55 of 1st period - Kyle Wellwood wins face-off versus Jonathan Toews in Oilers zone.
3:06 of 1st period - Off-side.
3:07 of 1st period - Kyle Wellwood wins face-off versus Pavel Datsyuk in neutral zone.
3:17 of 1st period - Snap shot by Pavel Datsyuk.
3:17 of 1st period - Shot Hit the Post.
3:19 of 1st period - Slapshot by Duncan Keith.
3:19 of 1st period - Stopped by Maxime Daigneault with a rebound.
3:21 of 1st period - Slapshot by Duncan Keith.
3:21 of 1st period - Shot Misses the Net.
4:30 of 1st period - Adam Burish is hit by Erik Rasmussen.
4:46 of 1st period - Wrist shot by Ian White.
4:46 of 1st period - Stopped by Maxime Daigneault with a rebound.
5:42 of 1st period - Wrist shot by Adam Burish.
5:42 of 1st period - Shot Misses the Net.
6:16 of 1st period - Daniel Alfredsson is hit by Ilya Kovalchuk and loses puck.
6:31 of 1st period - Wrist shot by Jussi Jokinen.
6:31 of 1st period - Stopped by Cam Ward with a rebound.
6:33 of 1st period - Wrist shot by Jason Allison.
6:33 of 1st period - Deflect By Miroslav Satan.
6:33 of 1st period - Stopped by Cam Ward without a rebound.
6:34 of 1st period - Jason Allison wins face-off versus Pavel Datsyuk in Oilers zone.
6:48 of 1st period - Icing by Karel Pilar.
6:49 of 1st period - Kyle Wellwood wins face-off versus Pavel Datsyuk in Oilers zone.
7:10 of 1st period - Snap shot by Pavel Datsyuk.
7:10 of 1st period - Shot Misses the Net.
7:35 of 1st period - Markus Naslund is hit by Nick Boynton and loses puck.
8:22 of 1st period - Wrist shot by Daniel Alfredsson.
8:22 of 1st period - Shot Blocked by Rob Scuderi.
8:24 of 1st period - Wrist shot by Kyle Wellwood.
8:24 of 1st period - Stopped by Cam Ward without a rebound.
8:25 of 1st period - Jason Allison wins face-off versus Jonathan Toews in Oilers zone.
8:38 of 1st period - Wrist shot by Miroslav Satan.
8:38 of 1st period - Stopped by Cam Ward with a rebound.
8:40 of 1st period - Slapshot by Michal Rozsival.
8:40 of 1st period - Deflect By Miroslav Satan.
8:40 of 1st period - Shot Blocked by Duncan Keith.
8:40 of 1st period - Puck is out of play.
8:41 of 1st period - Alexei Yashin wins face-off versus Tuomo Ruutu in Oilers zone.
9:16 of 1st period - Wrist shot by Ilya Kovalchuk.
9:16 of 1st period - Stopped by Maxime Daigneault with a rebound.
9:32 of 1st period - Snap shot by Pascal Dupuis.
9:32 of 1st period - Shot Blocked by Darroll Powe.
9:34 of 1st period - Wrist shot by Erik Rasmussen.
9:34 of 1st period - Stopped by Maxime Daigneault with a rebound.
11:30 of 1st period - Adam Burish is hit by Eric Nystrom and loses puck.
12:30 of 1st period - Rob Scuderi is hit by Miroslav Satan and loses puck.
13:05 of 1st period - Joe Pavelski is hit by Jussi Jokinen and loses puck.
13:16 of 1st period - Wrist shot by Pavel Datsyuk.
13:16 of 1st period - Shot Misses the Net.
13:19 of 1st period - Icing by Roman Hamrlik.
13:20 of 1st period - Jonathan Toews wins face-off versus Jason Allison in Jets zone.
13:21 of 1st period - Snap shot by Ilya Kovalchuk.
13:21 of 1st period - Deflect By Jonathan Toews.
13:21 of 1st period - Shot Misses the Net.
13:21 of 1st period - Puck is out of play.
13:22 of 1st period - Kyle Wellwood wins face-off versus Jonathan Toews in Jets zone.
13:47 of 1st period - Steve Montador is hit by Fredrik Sjostrom and loses puck.
13:54 of 1st period - Snap shot by Michael Ryder.
13:54 of 1st period - Shot Blocked by Steve Montador.
13:58 of 1st period - Wrist shot by Michael Ryder.
13:58 of 1st period - Stopped by Cam Ward without a rebound.
13:59 of 1st period - Jonathan Toews wins face-off versus Kyle Wellwood in Oilers zone.
14:14 of 1st period - Slapshot by Ilya Kovalchuk.
14:14 of 1st period - Shot Hit the Post.
14:34 of 1st period - Snap shot by Adam Burish.
14:34 of 1st period - Stopped by Cam Ward without a rebound.
14:35 of 1st period - Jonathan Toews wins face-off versus Darroll Powe in Oilers zone.
15:00 of 1st period - Ian White is hit by Michal Rozsival and loses puck.
15:05 of 1st period - Snap shot by Daniel Alfredsson.
15:05 of 1st period - Shot Misses the Net.
15:07 of 1st period - Slapshot by Nick Boynton.
15:07 of 1st period - Stopped by Cam Ward without a rebound.
15:08 of 1st period - Jonathan Toews wins face-off versus Kyle Wellwood in Oilers zone.
15:19 of 1st period - Snap shot by Jonathan Toews.
15:19 of 1st period - Shot Blocked by Kyle Wellwood.
15:35 of 1st period - Snap shot by Adam Burish.
15:35 of 1st period - Shot Blocked by Joe Callahan.
15:37 of 1st period - Slapshot by Colin White.
15:37 of 1st period - Shot Blocked by Joe Pavelski.
15:39 of 1st period - Snap shot by Tuomo Ruutu.
15:39 of 1st period - Shot Blocked by Pavel Datsyuk.
15:41 of 1st period - Snap shot by Adam Burish.
15:41 of 1st period - Shot Hit the Post.
15:43 of 1st period - Snap shot by Nigel Dawes.
15:43 of 1st period - Stopped by Cam Ward without a rebound.
15:44 of 1st period - Jonathan Toews wins face-off versus Jason Allison in Oilers zone.
15:44 of 1st period - Jonathan Toews is hit by Miroslav Satan.
15:58 of 1st period - Snap shot by Ilya Kovalchuk.
15:58 of 1st period - Shot Blocked by Michal Rozsival.
16:00 of 1st period - Snap shot by Jonathan Toews.
16:00 of 1st period - Stopped by Maxime Daigneault without a rebound.
16:01 of 1st period - Kyle Wellwood wins face-off versus Erik Rasmussen in Jets zone.
16:13 of 1st period - Off-side.
16:14 of 1st period - Jonathan Toews wins face-off versus Kyle Wellwood in neutral zone.
16:21 of 1st period - Snap shot by Ilya Kovalchuk.
16:21 of 1st period - Deflect By Brad Boyes.
16:21 of 1st period - Shot Blocked by Daniel Alfredsson.
16:21 of 1st period - Puck is out of play.
16:22 of 1st period - Kyle Wellwood wins face-off versus Jonathan Toews in Jets zone.
16:22 of 1st period - Kyle Wellwood is hit by Brad Boyes.
16:34 of 1st period - Dmitri Kalinin is hit by Brad Boyes and loses puck.
16:47 of 1st period - Dmitri Kalinin is hit by Brad Boyes.
16:51 of 1st period - Dmitri Kalinin is hit by Ilya Kovalchuk.
16:55 of 1st period - Wrist shot by Ilya Kovalchuk.
16:55 of 1st period - Deflect By Brad Boyes.
16:55 of 1st period - Goal by Brad Boyes - Oilers : 1 - Jets : 0.
16:56 of 1st period - Pavel Datsyuk wins face-off versus Jason Allison in neutral zone.
17:09 of 1st period - Snap shot by Markus Naslund.
17:09 of 1st period - Shot Blocked by Michal Rozsival.
17:11 of 1st period - Slapshot by Steve Montador.
17:11 of 1st period - Shot Misses the Net.
17:35 of 1st period - Icing by Steve Montador.
17:36 of 1st period - Darroll Powe wins face-off versus Jonathan Toews in Oilers zone.
17:37 of 1st period - Snap shot by Michael Ryder.
17:37 of 1st period - Stopped by Cam Ward with a rebound.
17:47 of 1st period - Snap shot by Fredrik Sjostrom.
17:47 of 1st period - Shot Hit the Post.
18:11 of 1st period - Snap shot by Ilya Kovalchuk.
18:11 of 1st period - Stopped by Maxime Daigneault with a rebound.
18:13 of 1st period - Snap shot by Ian White.
18:13 of 1st period - Stopped by Maxime Daigneault with a rebound.
18:15 of 1st period - Slapshot by Ian White.
18:15 of 1st period - Stopped by Maxime Daigneault with a rebound.
18:17 of 1st period - Snap shot by Ilya Kovalchuk.
18:17 of 1st period - Stopped by Maxime Daigneault with a rebound.
18:19 of 1st period - Backhand shot by Ilya Kovalchuk.
18:19 of 1st period - Stopped by Maxime Daigneault with a rebound.
18:21 of 1st period - Snap shot by Jonathan Toews.
18:21 of 1st period - Shot Misses the Net.
18:23 of 1st period - Slapshot by Ian White.
18:23 of 1st period - Stopped by Maxime Daigneault with a rebound.
18:25 of 1st period - Slapshot by Ilya Kovalchuk.
18:25 of 1st period - Stopped by Maxime Daigneault without a rebound.
18:26 of 1st period - Pavel Datsyuk wins face-off versus Tuomo Ruutu in Jets zone.
18:29 of 1st period - Snap shot by Joe Pavelski.
18:29 of 1st period - Shot Blocked by Roman Hamrlik.
18:31 of 1st period - Wrist shot by Markus Naslund.
18:31 of 1st period - Stopped by Maxime Daigneault with a rebound.
18:33 of 1st period - Slapshot by Markus Naslund.
18:33 of 1st period - Shot Misses the Net.
18:51 of 1st period - Roman Hamrlik is hit by Joe Callahan.
19:05 of 1st period - Wrist shot by Tuomo Ruutu.
19:05 of 1st period - Stopped by Cam Ward with a rebound.
19:17 of 1st period - Adam Burish is hit by Alexei Yashin.
19:42 of 1st period - Slapshot by Michal Rozsival.
19:42 of 1st period - Stopped by Cam Ward with a rebound.
19:58 of 1st period - Slapshot by Adam Burish.
19:58 of 1st period - Stopped by Cam Ward with a rebound.
2nd period
0:01 of 2nd period - Kyle Wellwood wins face-off versus Jonathan Toews in neutral zone.
0:26 of 2nd period - Michal Rozsival is hit by Pavel Datsyuk and loses puck.
0:57 of 2nd period - Darroll Powe is hit by Steve Begin and loses puck.
1:35 of 2nd period - Minor Penalty to Joe Callahan for Hooking.
1:36 of 2nd period - Erik Rasmussen wins face-off versus Miroslav Satan in Oilers zone.
2:11 of 2nd period - Wrist shot by Kyle Wellwood.
2:11 of 2nd period - Goal by Kyle Wellwood - Oilers : 1 - Jets : 1.
2:12 of 2nd period - Pavel Datsyuk wins face-off versus Kyle Wellwood in neutral zone.
2:15 of 2nd period - Slapshot by Ian White.
2:15 of 2nd period - Shot Misses the Net.
2:20 of 2nd period - Off-side.
2:21 of 2nd period - Pavel Datsyuk wins face-off versus Kyle Wellwood in neutral zone.
2:21 of 2nd period - Pavel Datsyuk is hit by Roman Hamrlik.
2:27 of 2nd period - Wrist shot by Joe Pavelski.
2:27 of 2nd period - Deflect By Pavel Datsyuk.
2:27 of 2nd period - Shot Misses the Net.
2:27 of 2nd period - Puck is out of play.
2:28 of 2nd period - Jonathan Toews wins face-off versus Jussi Jokinen in Jets zone.
2:53 of 2nd period - Markus Naslund is hit by Dmitri Kalinin and loses puck.
3:01 of 2nd period - Off-side.
3:02 of 2nd period - Kyle Wellwood wins face-off versus Jonathan Toews in neutral zone.
3:09 of 2nd period - Wrist shot by Benoit Pouliot.
3:09 of 2nd period - Shot Misses the Net.
3:11 of 2nd period - Slapshot by Colin White.
3:11 of 2nd period - Deflect By Kyle Wellwood.
3:11 of 2nd period - Stopped by Cam Ward with a rebound.
3:16 of 2nd period - Minor Penalty to Kyle Wellwood for Holding.
3:17 of 2nd period - Adam Burish wins face-off versus Pavel Datsyuk in Jets zone.
3:24 of 2nd period - Slapshot by Dmitri Kalinin.
3:24 of 2nd period - Stopped by Cam Ward without a rebound.
3:25 of 2nd period - Adam Burish wins face-off versus Pavel Datsyuk in Oilers zone.
3:54 of 2nd period - Colin White is hit by Ilya Kovalchuk and loses puck.
4:05 of 2nd period - Colin White is hit by Jonathan Toews and loses puck.
4:18 of 2nd period - Slapshot by Darroll Powe.
4:18 of 2nd period - Shot Blocked by Brad Boyes.
5:16 of 2nd period - Penalty to Kyle Wellwood is over, Kyle Wellwood is back on ice.
5:16 of 2nd period - Wrist shot by Ilya Kovalchuk.
5:16 of 2nd period - Shot Misses the Net.
5:18 of 2nd period - Wrist shot by Ian White.
5:18 of 2nd period - Stopped by Maxime Daigneault with a rebound.
5:20 of 2nd period - Snap shot by Jonathan Toews.
5:20 of 2nd period - Stopped by Maxime Daigneault with a rebound.
5:34 of 2nd period - Slapshot by Kyle Wellwood.
5:34 of 2nd period - Shot Misses the Net.
5:44 of 2nd period - Backhand shot by Ilya Kovalchuk.
5:44 of 2nd period - Stopped by Maxime Daigneault without a rebound.
5:45 of 2nd period - Pavel Datsyuk wins face-off versus Tuomo Ruutu in Jets zone.
6:00 of 2nd period - Pavel Datsyuk is hit by Tuomo Ruutu and loses puck.
6:17 of 2nd period - Off-side.
6:18 of 2nd period - Alexei Yashin wins face-off versus Kyle Wellwood in neutral zone.
6:25 of 2nd period - Wrist shot by Alexei Yashin.
6:25 of 2nd period - Shot Misses the Net.
6:27 of 2nd period - Snap shot by Patrick Kaleta.
6:27 of 2nd period - Stopped by Maxime Daigneault with a rebound.
6:29 of 2nd period - Wrist shot by Alexei Yashin.
6:29 of 2nd period - Shot Misses the Net.
6:47 of 2nd period - Roman Hamrlik is hit by Markus Naslund and loses puck.
6:54 of 2nd period - Nigel Dawes is hit by Joe Pavelski and loses puck.
7:19 of 2nd period - Wrist shot by Erik Rasmussen.
7:19 of 2nd period - Stopped by Maxime Daigneault without a rebound.
7:20 of 2nd period - Kyle Wellwood wins face-off versus Alexei Yashin in Jets zone.
7:45 of 2nd period - Joe Callahan is hit by Michal Rozsival and loses puck.
8:45 of 2nd period - Icing by Joe Pavelski.
8:46 of 2nd period - Kyle Wellwood wins face-off versus Jonathan Toews in Oilers zone.
9:31 of 2nd period - Colin White is hit by Pascal Dupuis and loses puck.
9:44 of 2nd period - Erik Rasmussen is hit by Fredrik Sjostrom and loses puck.
10:03 of 2nd period - Snap shot by Nick Boynton.
10:03 of 2nd period - Shot Blocked by Steve Montador.
10:09 of 2nd period - Wrist shot by Adam Burish.
10:09 of 2nd period - Stopped by Cam Ward with a rebound.
10:16 of 2nd period - Icing by Steve Montador.
10:17 of 2nd period - Jonathan Toews wins face-off versus Kyle Wellwood in Oilers zone.
10:24 of 2nd period - Steve Montador is hit by Daniel Alfredsson and loses puck.
10:29 of 2nd period - Snap shot by Daniel Alfredsson.
10:29 of 2nd period - Shot Misses the Net.
10:31 of 2nd period - Slapshot by Roman Hamrlik.
10:31 of 2nd period - Shot Misses the Net.
10:33 of 2nd period - Snap shot by Daniel Alfredsson.
10:33 of 2nd period - Stopped by Cam Ward with a rebound.
10:51 of 2nd period - Wrist shot by Joe Pavelski.
10:51 of 2nd period - Stopped by Maxime Daigneault with a rebound.
10:53 of 2nd period - Slapshot by Ian White.
10:53 of 2nd period - Deflect By Joe Pavelski.
10:53 of 2nd period - Shot Blocked by Roman Hamrlik.
10:53 of 2nd period - Puck is out of play.
10:54 of 2nd period - Pavel Datsyuk wins face-off versus Kyle Wellwood in Jets zone.
10:55 of 2nd period - Wrist shot by Joe Pavelski.
10:55 of 2nd period - Shot Blocked by Dmitri Kalinin.
11:01 of 2nd period - Dmitri Kalinin is hit by Joe Pavelski and loses puck.
11:07 of 2nd period - Minor Penalty to Benoit Pouliot for Holding.
11:08 of 2nd period - Kyle Wellwood wins face-off versus Markus Naslund in Jets zone.
11:44 of 2nd period - Wrist shot by Brad Boyes.
11:44 of 2nd period - Shot Misses the Net.
12:00 of 2nd period - Michal Rozsival is hit by Brad Boyes and loses puck.
13:07 of 2nd period - Penalty to Benoit Pouliot is over, Benoit Pouliot is back on ice.
13:44 of 2nd period - Slapshot by Eric Nystrom.
13:44 of 2nd period - Shot Misses the Net.
13:46 of 2nd period - Snap shot by Pascal Dupuis.
13:46 of 2nd period - Shot Blocked by Colin White.
13:48 of 2nd period - Slapshot by Pascal Dupuis.
13:48 of 2nd period - Shot Blocked by Colin White.
13:50 of 2nd period - Snap shot by Erik Rasmussen.
13:50 of 2nd period - Stopped by Maxime Daigneault with a rebound.
13:52 of 2nd period - Backhand shot by Pascal Dupuis.
13:52 of 2nd period - Shot Misses the Net.
14:31 of 2nd period - Tuomo Ruutu is hit by Eric Nystrom and loses puck.
15:33 of 2nd period - Daniel Alfredsson is hit by Ian White and loses puck.
15:46 of 2nd period - Wrist shot by Dmitri Kalinin.
15:46 of 2nd period - Shot Misses the Net.
16:46 of 2nd period - Eric Nystrom is hit by Kyle Wellwood and loses puck.
17:01 of 2nd period - Icing by Patrick Kaleta.
17:02 of 2nd period - Alexei Yashin wins face-off versus Jason Allison in Oilers zone.
17:17 of 2nd period - Snap shot by Patrick Kaleta.
17:17 of 2nd period - Stopped by Maxime Daigneault without a rebound.
17:18 of 2nd period - Darroll Powe wins face-off versus Jonathan Toews in Jets zone.
17:18 of 2nd period - Darroll Powe is hit by Jonathan Toews.
17:44 of 2nd period - Markus Naslund is hit by Daniel Alfredsson and loses puck.
17:51 of 2nd period - Wrist shot by Kyle Wellwood.
17:51 of 2nd period - Stopped by Cam Ward with a rebound.
17:52 of 2nd period - Minor Penalty to Kyle Wellwood for Interference.
17:52 of 2nd period - Minor Penalty to Joe Pavelski for Tripping.
17:53 of 2nd period - Pavel Datsyuk wins face-off versus Jason Allison in Oilers zone.
18:00 of 2nd period - Snap shot by Jussi Jokinen.
18:00 of 2nd period - Stopped by Cam Ward without a rebound.
18:01 of 2nd period - Pavel Datsyuk wins face-off versus Jason Allison in Oilers zone.
18:16 of 2nd period - Snap shot by Jonathan Toews.
18:16 of 2nd period - Stopped by Maxime Daigneault with a rebound.
18:40 of 2nd period - Slapshot by Pavel Datsyuk.
18:40 of 2nd period - Shot Blocked by Michal Rozsival.
18:54 of 2nd period - Wrist shot by Pavel Datsyuk.
18:54 of 2nd period - Stopped by Maxime Daigneault with a rebound.
19:21 of 2nd period - Slapshot by Jonathan Toews.
19:21 of 2nd period - Shot Misses the Net.
19:52 of 2nd period - Penalty to Kyle Wellwood is over, Kyle Wellwood is back on ice.
19:52 of 2nd period - Penalty to Joe Pavelski is over, Joe Pavelski is back on ice.
19:59 of 2nd period - Wrist shot by Kyle Wellwood.
19:59 of 2nd period - Stopped by Cam Ward without a rebound.
3rd period
0:01 of 3rd period - Benoit Pouliot wins face-off versus Jonathan Toews in neutral zone.
0:14 of 3rd period - Wrist shot by Daniel Alfredsson.
0:14 of 3rd period - Shot Misses the Net.
0:16 of 3rd period - Slapshot by Michal Rozsival.
0:16 of 3rd period - Stopped by Cam Ward with a rebound.
0:58 of 3rd period - Wrist shot by Steve Montador.
0:58 of 3rd period - Stopped by Maxime Daigneault without a rebound.
0:59 of 3rd period - Kyle Wellwood wins face-off versus Jonathan Toews in Jets zone.
1:15 of 3rd period - Snap shot by Ilya Kovalchuk.
1:15 of 3rd period - Deflect By Jonathan Toews.
1:15 of 3rd period - Shot Misses the Net.
1:15 of 3rd period - Puck is out of play.
1:16 of 3rd period - Darroll Powe wins face-off versus Alexei Yashin in Jets zone.
1:16 of 3rd period - Darroll Powe is hit by Patrick Kaleta.
2:32 of 3rd period - Ian White is hit by Nigel Dawes and loses puck.
3:07 of 3rd period - Snap shot by Jussi Jokinen.
3:07 of 3rd period - Stopped by Cam Ward with a rebound.
3:09 of 3rd period - Slapshot by Roman Hamrlik.
3:09 of 3rd period - Deflect By Alexei Yashin.
3:09 of 3rd period - Stopped by Cam Ward without a rebound.
3:10 of 3rd period - Jonathan Toews wins face-off versus Miroslav Satan in Oilers zone.
3:52 of 3rd period - Snap shot by Jussi Jokinen.
3:52 of 3rd period - Shot Misses the Net.
3:54 of 3rd period - Slapshot by Roman Hamrlik.
3:54 of 3rd period - Stopped by Cam Ward without a rebound.
3:55 of 3rd period - Jonathan Toews wins face-off versus Benoit Pouliot in Oilers zone.
4:04 of 3rd period - Wrist shot by Daniel Alfredsson.
4:04 of 3rd period - Shot Misses the Net.
4:06 of 3rd period - Wrist shot by Kyle Wellwood.
4:06 of 3rd period - Stopped by Cam Ward without a rebound.
4:07 of 3rd period - Kyle Wellwood wins face-off versus Jonathan Toews in Oilers zone.
4:10 of 3rd period - Wrist shot by Daniel Alfredsson.
4:10 of 3rd period - Shot Misses the Net.
4:12 of 3rd period - Slapshot by Dmitri Kalinin.
4:12 of 3rd period - Stopped by Cam Ward without a rebound.
4:13 of 3rd period - Jonathan Toews wins face-off versus Kyle Wellwood in Oilers zone.
4:41 of 3rd period - Icing by Jonathan Toews.
4:42 of 3rd period - Jason Allison wins face-off versus Jonathan Toews in Oilers zone.
4:57 of 3rd period - Snap shot by Ilya Kovalchuk.
4:57 of 3rd period - Deflect By Brad Boyes.
4:57 of 3rd period - Shot Misses the Net.
4:57 of 3rd period - Puck is out of play.
4:58 of 3rd period - Pavel Datsyuk wins face-off versus Kyle Wellwood in Jets zone.
5:17 of 3rd period - Pavel Datsyuk is hit by Dmitri Kalinin and loses puck.
5:26 of 3rd period - Benoit Pouliot is hit by Joe Callahan and loses puck.
5:35 of 3rd period - Slapshot by Pavel Datsyuk.
5:35 of 3rd period - Shot Misses the Net.
5:37 of 3rd period - Slapshot by Joe Callahan.
5:37 of 3rd period - Shot Blocked by Dmitri Kalinin.
5:39 of 3rd period - Slapshot by Duncan Keith.
5:39 of 3rd period - Stopped by Maxime Daigneault without a rebound.
5:40 of 3rd period - Darroll Powe wins face-off versus Jonathan Toews in Jets zone.
5:42 of 3rd period - Icing by Michael Ryder.
5:43 of 3rd period - Michael Ryder wins face-off versus Jonathan Toews in Jets zone.
6:19 of 3rd period - Minor Penalty to Pascal Dupuis for Interference.
6:20 of 3rd period - Jason Allison wins face-off versus Alexei Yashin in Oilers zone.
6:35 of 3rd period - Slapshot by Jason Allison.
6:35 of 3rd period - Stopped by Cam Ward with a rebound.
8:19 of 3rd period - Penalty to Pascal Dupuis is over, Pascal Dupuis is back on ice.
10:13 of 3rd period - Icing by Steve Begin.
10:14 of 3rd period - Kyle Wellwood wins face-off versus Alexei Yashin in Oilers zone.
10:15 of 3rd period - Wrist shot by Benoit Pouliot.
10:15 of 3rd period - Shot Misses the Net.
10:17 of 3rd period - Snap shot by Dmitri Kalinin.
10:17 of 3rd period - Stopped by Cam Ward with a rebound.
11:01 of 3rd period - Minor Penalty to Fredrik Sjostrom for Cross-checking.
11:01 of 3rd period - Minor Penalty to Jonathan Toews for Slashing.
11:02 of 3rd period - Jason Allison wins face-off versus Ilya Kovalchuk in Jets zone.
11:12 of 3rd period - Slapshot by Michal Rozsival.
11:12 of 3rd period - Deflect By Jussi Jokinen.
11:12 of 3rd period - Goal by Jussi Jokinen - Oilers : 1 - Jets : 2.
11:13 of 3rd period - Jason Allison wins face-off versus Pavel Datsyuk in neutral zone.
11:26 of 3rd period - Wrist shot by Jason Allison.
11:26 of 3rd period - Stopped by Cam Ward with a rebound.
11:28 of 3rd period - Slapshot by Michal Rozsival.
11:28 of 3rd period - Deflect By Jussi Jokinen.
11:28 of 3rd period - Shot Misses the Net.
11:28 of 3rd period - Puck is out of play.
11:29 of 3rd period - Pavel Datsyuk wins face-off versus Jason Allison in Oilers zone.
11:34 of 3rd period - Backhand shot by Ilya Kovalchuk.
11:34 of 3rd period - Deflect By Pavel Datsyuk.
11:34 of 3rd period - Shot Misses the Net.
11:34 of 3rd period - Puck is out of play.
11:35 of 3rd period - Jason Allison wins face-off versus Pavel Datsyuk in Jets zone.
11:35 of 3rd period - Jason Allison is hit by Pavel Datsyuk.
11:48 of 3rd period - Slapshot by Pavel Datsyuk.
11:48 of 3rd period - Shot Misses the Net.
11:50 of 3rd period - Snap shot by Ilya Kovalchuk.
11:50 of 3rd period - Stopped by Maxime Daigneault without a rebound.
11:51 of 3rd period - Pavel Datsyuk wins face-off versus Jason Allison in Jets zone.
12:16 of 3rd period - Eric Brewer is hit by Joe Callahan and loses puck.
12:31 of 3rd period - Roman Hamrlik is hit by Joe Callahan and loses puck.
12:55 of 3rd period - Pavel Datsyuk is hit by Jussi Jokinen and loses puck.
13:01 of 3rd period - Penalty to Fredrik Sjostrom is over, Fredrik Sjostrom is back on ice.
13:01 of 3rd period - Penalty to Jonathan Toews is over, Jonathan Toews is back on ice.
13:10 of 3rd period - Wrist shot by Jussi Jokinen.
13:10 of 3rd period - Deflect By Jason Allison.
13:10 of 3rd period - Shot Misses the Net.
13:10 of 3rd period - Puck is out of play.
13:11 of 3rd period - Erik Rasmussen wins face-off versus Tuomo Ruutu in Oilers zone.
13:36 of 3rd period - Wrist shot by Erik Rasmussen.
13:36 of 3rd period - Deflect By Eric Nystrom.
13:36 of 3rd period - Stopped by Maxime Daigneault with a rebound.
13:58 of 3rd period - Snap shot by Markus Naslund.
13:58 of 3rd period - Shot Misses the Net.
14:21 of 3rd period - Minor Penalty to Joe Callahan for Hooking.
14:22 of 3rd period - Jason Allison wins face-off versus Alexei Yashin in Oilers zone.
16:21 of 3rd period - Penalty to Joe Callahan is over, Joe Callahan is back on ice.
16:27 of 3rd period - Nick Boynton is hit by Pavel Datsyuk.
16:35 of 3rd period - Pavel Datsyuk is hit by Michal Rozsival and loses puck.
16:50 of 3rd period - Snap shot by Brad Boyes.
16:50 of 3rd period - Shot Blocked by Roman Hamrlik.
16:52 of 3rd period - Snap shot by Jonathan Toews.
16:52 of 3rd period - Shot Hit the Post.
16:54 of 3rd period - Snap shot by Brad Boyes.
16:54 of 3rd period - Stopped by Maxime Daigneault without a rebound.
16:55 of 3rd period - Pavel Datsyuk wins face-off versus Tuomo Ruutu in Jets zone.
17:52 of 3rd period - Snap shot by Jason Allison.
17:52 of 3rd period - Deflect By Miroslav Satan.
17:52 of 3rd period - Shot Misses the Net.
17:52 of 3rd period - Puck is out of play.
17:53 of 3rd period - Pavel Datsyuk wins face-off versus Tuomo Ruutu in Oilers zone.
17:58 of 3rd period - Slapshot by Steve Montador.
17:58 of 3rd period - Stopped by Maxime Daigneault with a rebound.
18:01 of 3rd period - Minor Penalty to Joe Pavelski for High sticking.
18:02 of 3rd period - Jason Allison wins face-off versus Alexei Yashin in Oilers zone.
Output by the SimonT Hockey Simulator (STHS) for François Prévost -- Original Page W3C XHTML 1.0 Valid